 Dungeon Crawl Stone Soup version 0.30-a0-722-g3e6e8c874d (webtiles) character file.

Game seed: 16353317687569171509

114 hbarley the Shield-Bearer (level 4, -2/44 HPs)
             Began as a Troll Fighter on Jan 27, 2023.
             Slain by an orc priest
             ... wielding a +0 hand axe
              (6 damage)
             ... on level 3 of the Dungeon.
             The game lasted 00:14:45 (2453 turns).

hbarley the Shield-Bearer (Troll Fighter)           Turns: 2453, Time: 00:14:45

Health: -2/44      AC: 11    Str: 26    XL:     4   Next: 67%
Magic:  3/3        EV:  8    Int:  4    God:
Gold:   6          SH:  7    Dex:  5    Spells: 3/3 levels left

rFire   . . .      SeeInvis +    l - +2 dagger (protect)
rCold   . . .      Faith    .    c - +0 kite shield
rNeg    . . .      Spirit   .    u - +0 robe of Summertime {+Inv rElec rPois Dex-4}
rPois   +          Reflect  .    (helmet restricted)
rElec   +          Harm     .    (no cloak)
rCorr   .          Rampage  .    (gloves unavailable)
Will    .....                    (boots unavailable)
Stlth   +                        (no amulet)
HPRegen 1.07/turn                e - ring of see invisible
MPRegen 0.08/turn                q - ring of flight

@: under a protective aura, flying
A: large, unfitting armour, claws 3, regeneration 1, shaggy fur 1, tough skin 1
a: Evoke Invisibility


You were on level 3 of the Dungeon.
You visited 1 branch of the dungeon, and saw 3 of its levels.

You collected 125 gold pieces.
You spent 119 gold pieces at shops.

Inventory:

Hand Weapons
 a - a +0 flail
 l - a +2 dagger of protection (weapon)
Armour
 b - a +0 robe
 c - a +0 kite shield (worn)
 j - a +0 leather armour
 k - a +0 helmet
 p - a +0 chain mail
 t - the +0 ring mail of the Ward {-Cast rN+++ Str-5 Dex+3}
   (You found it on level 3 of the Dungeon)

   Str:       It affects your strength (-5).
   Dex:       It affects your dexterity (+3).
   rN:        It renders you almost immune to negative energy.
   -Cast:     It prevents spellcasting.
 u - the +0 robe of Summertime (worn) {+Inv rElec rPois Dex-4}
   (You bought it in a shop on level 3 of the Dungeon)

   Dex:       It affects your dexterity (-4).
   rElec:     It insulates you from electricity.
   rPois:     It protects you from poison.
   +Inv:      It lets you turn invisible.
Jewellery
 e - a ring of see invisible (left claw)
 q - a ring of flight (right claw)
Scrolls
 f - 2 scrolls of teleportation {unknown}
 g - 8 scrolls of identify {unknown}
 h - 4 scrolls of magic mapping {unknown}
 m - a scroll of vulnerability {unknown}
 o - 2 scrolls of fog {unknown}
 s - a scroll of enchant armour {unknown}
Potions
 d - 2 potions of might
 i - 5 potions of curing {unknown}
 n - a potion of degeneration {unknown}
 r - a potion of lignification {unknown}


   Skills:
 + Level 2.8 Fighting
 + Level 1.0 Short Blades
 + Level 2.5 Maces & Flails
 + Level 3.2 Dodging
 + Level 0.1 Stealth
 + Level 3.3 Shields


You had 3 spell levels left.
You didn't know any spells.
Your spell library contained the following spells:

 Spells                   Type           Power      Damage    Failure   Level
 Beastly Appendage        Tmut           0%         N/A       80%         1
 Sting                    Tmut/Pois      0%         1d3       80%         1
 Poisonous Vapours        Pois/Air       0%         N/A       90%         2
 Wereblood                Tmut           0%         N/A       90%         2
 Spider Form              Tmut/Pois      0%         N/A       99%         3
 Olgreb's Toxic Radiance  Pois           0%         N/A       100%        4


Dungeon Overview and Level Annotations

Branches:
Dungeon (3/15)

Altars:
Gozag

Shops:
D:3 [


Innate Abilities, Weirdness & Mutations

You are too large for most types of armour.
You have claws for hands.
Your natural rate of healing is unusually fast.
You are covered in fur. (AC +1)
You have tough skin. (AC +1)


Message History

You closely miss the giant cockroach.
The giant cockroach is heavily wounded.
The giant cockroach bites you but does no damage.
You closely miss the giant cockroach.
The giant cockroach is heavily wounded.
The giant cockroach bites you.
You barely miss the giant cockroach.
The giant cockroach is heavily wounded.
The giant cockroach bites you but does no damage. x2
You hit the giant cockroach.
You kill the giant cockroach!
Found a scroll labelled JATSECS MAISM.
An orc priest comes into view. It is wielding a +0 hand axe.
The orc priest shouts!
The orc priest calls down the wrath of Beogh upon you.
Beogh smites you!
An orc comes into view. It is wielding a +0 whip.
An orc comes into view. It is wielding a +0 dagger.
A worm comes into view.
The orc throws a boomerang.
The boomerang hits you.
Found 8 stones.
The orc priest invokes the aid of Beogh against you.
Pain shoots through your body!
You see here a scroll labelled JATSECS MAISM.
You hit the orc priest but do no damage.
Your weapon exudes an aura of protection.
The orc hits you but does no damage. The orc priest closely misses you.
The orc hits you with a +0 whip. You block the orc's attack.
You block the orc priest's attack.
You hit the orc priest but do no damage.
The orc hits you with a +0 dagger. The orc hits you with a +0 whip.
The orc priest mumbles some strange prayers to Beogh against you.
Beogh smites you!
* * * LOW HITPOINT WARNING * * *
You hit the orc priest but do no damage.
The orc hits you with a +0 whip.
* * * LOW HITPOINT WARNING * * *
The orc closely misses you.
The orc priest hits you with a +0 hand axe.
You die...

#............##...
.....
######............
.....
##.......####
..... ##.....###
##### #.......#
### #.......# #..
####.......###
#...
#.....?.......
....
#....o@o.#####
..## #....wo..# .
#...........
#..........(..
#.........#...
######
#.........#...
...... #........##
.. ......
#........# ......
#.....


You could see a worm, an orc priest and 2 orcs.

Vanquished Creatures
  An orc priest (D:3)
  An adder (D:2)
  2 worms (D:2)
  A dart slug (D:2)
  2 orcs (D:3)
  7 ball pythons
  7 endoplasms
  4 giant cockroaches
  5 goblins
  5 hobgoblins
  3 jackals (D:1)
  2 quokkas
  6 bats
  4 frilled lizards (D:1)
  5 kobolds
  5 rats
60 creatures vanquished.

Notes
Turn   | Place    | Note
-------+----------+-------------------------------------------
     0 | D:1      | hbarley the Troll Fighter began the quest for the Orb.
     0 | D:1      | Reached XP level 1. HP: 22/22 MP: 0/0
   161 | D:1      | Reached XP level 2. HP: 27/29 MP: 1/1
   657 | D:1      | Reached XP level 3. HP: 36/36 MP: 2/2
  1802 | D:2      | Reached XP level 4. HP: 36/44 MP: 3/3
  2128 | D:3      | Found an opulent altar of Gozag.
  2283 | D:3      | Reached skill level 1 in Short Blades
  2360 | D:3      | Found Biubij's Antique Armour Boutique.
  2371 | D:3      | Identified the +0 ring mail of the Ward {-Cast rN+++ Str-5
                  | Dex+3}
  2377 | D:3      | Bought a faintly humming robe for 119 gold pieces
  2377 | D:3      | Identified the +0 robe of Summertime {+Inv rElec rPois
                  | Dex-4} (You bought it in a shop on level 3 of the Dungeon)
  2453 | D:3      | Slain by an orc priest

Illustrated notes

Levels and vault maps discovered:
D:1:      minmay_arrival_split_and_join, layout_basic, minmay_misc_feat_five,
          minmay_three_crescents
D:2:      layout_basic, serial_glass, glass_columns_a, glass_columns_a,
          feat_on_display, minmay_strange_pillars, minmay_octomino_e4
D:3:      layout_rooms, nicolae_overflow_hidden_temple, serial_shops, shop,
          serial_curves, eino_curves_02, eino_curves_02,
          minmay_misc_feat_more_columns

Skill      XL: |  1  2  3  4 |
---------------+-------------+-----
Maces & Flails | 2 |  2.5
Shields        | 3 |  3.3
Dodging        | 3 |  3.2
Short Blades   | 1 |  1.0
Fighting       | |  2.8
Stealth        | |  0.1

Action                     |  1- 3 |  4- 6 || total
---------------------------+-------+-------++-------
  Melee: Flail             |    79 |       ||    79
         Dagger            |   113 |    71 ||   184
   Stab: Sleeping          |       |     1 ||     1
 Armour: Robe              |    87 |    46 ||   133
  Dodge: Dodged            |    73 |    31 ||   104
  Block: Kite shield       |    68 |    40 ||   108

Table legend: (Time is in decaauts)
 A = Elapsed time spent in this place.
 B = Non-inter-level travel time spent in this place.
 C = Inter-level travel time spent in this place.
 D = Time resting spent in this place.
 E = Time spent auto-exploring this place.
 F = Levels seen in this place.
 G = Mean time per level.
                   A        B        C        D        E       F      G
               +--------+--------+--------+--------+--------+-----+--------+
         Total |   2507 |    565 |   1942 |      0 |      0 |   3 |  835.7 |
       Dungeon |   2507 |    565 |   1942 |      0 |      0 |   3 |  835.7 |
               +--------+--------+--------+--------+--------+-----+--------+

Top non-repeatable levels by time:
     D:1: 1325 daAuts
     D:2: 783 daAuts
     D:3: 398 daAuts
